 Dungeon Crawl Stone Soup version 0.28.0 (webtiles) character file.

Game seed: 16134858558747909079

240 AmazingTV the Shield-Bearer (level 5, 0/48 HPs)
             Began as a Minotaur Fighter on July 1, 2022.
             Succumbed to a scorpion's poison
             ... on level 3 of the Dungeon.
             The game lasted 00:06:14 (2871 turns).

AmazingTV the Shield-Bearer (Minotaur Fighter)      Turns: 2871, Time: 00:06:14

Health: 0/48       AC:  8    Str: 19 (21) XL:     5   Next: 80%
Magic:  4/4        EV:  9    Int:  2 (5)  God:
Gold:   100        SH:  4    Dex:  8 (11) Spells: 4/4 levels left

rFire   . . .      SeeInvis .   a - +0 war axe {axe}
rCold   . . .      Faith    .   c - +0 buckler
rNeg    . . .      Spirit   .   b - +0 scale mail
rPois   .          Reflect  .   (helmet restricted)
rElec   .          Harm     .   (no cloak)
rCorr   .          Rampage  .   (no gloves)
Will    .....                   l - +0 pair of boots
Stlth   ..........              (no amulet)
HPRegen 0.16/turn               (no ring)
MPRegen 0.09/turn               (no ring)

@: lethally poisoned (0 -> -9)
A: horns 2, retaliatory headbutt
a: no special abilities


You were on level 3 of the Dungeon.
You visited 1 branch of the dungeon, and saw 4 of its levels.

You collected 100 gold pieces.


Innate Abilities, Weirdness & Mutations

You have a pair of horns on your head.
You reflexively headbutt those who attack you in melee.


   Skills:
 + Level 5.0 Fighting
 + Level 4.2 Axes
 + Level 5.0 Armour
 + Level 5.0 Shields


You had 4 spell levels left.
You didn't know any spells.
Your spell library contained the following spells:

 Spells                   Type           Power      Damage    Failure   Level
 Summon Small Mammal      Summ           0%         N/A       94%         1
 Call Canine Familiar     Summ           0%         N/A       100%        3
 Summon Guardian Golem    Hex/Summ       0%         N/A       100%        3

Inventory:

Hand Weapons
 a - a +0 war axe (weapon) {axe}
 n - a +0 mace {mace}
   (You took it off an orc priest on level 3 of the Dungeon)
Missiles
 e - 158 stones (quivered)
 j - 26 arrows
 k - 28 bolts
 p - 18 sling bullets
 t - 5 javelins
Armour
 b - a +0 scale mail (worn)
 c - a +0 buckler (worn)
 l - a +0 pair of boots (worn)
   (You found it on level 3 of the Dungeon)
Magical Staves
 r - a staff of fire {!astaff}
   (You found it on level 4 of the Dungeon)
Scrolls
 g - a scroll of amnesia {unknown}
 i - a scroll of noise {unknown}
 m - a scroll of brand weapon {unknown}
 o - a scroll of immolation {unknown}
 q - 3 scrolls of fear {unknown}
Potions
 d - 2 potions of might
 h - a potion of lignification {unknown}
 s - a potion of attraction {unknown}

Dungeon Overview and Level Annotations

Branches:
Dungeon (4/15)
 Temple: D:4-7

Altars:

Shops:
D:1 (

Annotations:
D:4 Blork the orc

.......†.).........'.#
..##'#.#8)........8###
.......##.........##
........##8.....8###
........###.....##.#
..........##8.8##..#
...........##'##...#
..............#....#
#.#.........##..@..#
#.#.........###.####
#.#.....#######.#
................##
....#.##.........#
....'............#
....#.##.........#
....#.##.........#
...##.##.........#


There were no monsters in sight!


Message History

The scorpion stings you.
You are poisoned.
The scorpion poisons you! 😕 HP[-4]
You take 4 damage, and now have 43/47 hp.
You feel very sick. 😕 HP[-3]
You take 3 damage, and now have 40/47 hp.
You feel sick. 😕 HP[-2]
You take 2 damage, and now have 38/47 hp.
You feel sick.
Blork the orc is no longer moving quickly.
Blork the orc jeers loudly. 😕 HP[-1]
You take 1 damage, and now have 37/47 hp.
You feel sick.
The scorpion barely misses you. 😮 HP[-2]
You take 2 damage, and now have 35/47 hp.
You feel sick.
Blork the orc looks satisfied for a moment.
You feel sick. 😮 HP[-1]
You take 1 damage, and now have 34/47 hp.
You feel sick. 😮 HP[-1]
You take 1 damage, and now have 33/47 hp.
You feel sick.
You are no longer poisoned. 😮 HP[-1]
You take 1 damage, and now have 32/47 hp.
The scorpion stings you but does no damage.
Blork the orc suddenly curses. 😮 HP[+1] Blork the orc begins to cast a cantrip, but forgets the words!
You block the scorpion's attack. 😮 HP[+1]
The scorpion closely misses you.
The scorpion stings you but does no damage. 😮 HP[+1]
The scorpion stings you but does no damage.
You see here a +0 quarterstaff {staff}.
Blork the orc gestures wildly while chanting.
Blork the orc seems to speed up.
There is a stone staircase leading up here.
The scorpion stings you but does no damage.
Blork the orc miscasts a cantrip.
The scorpion barely misses you.
You climb upwards.
There is a stone staircase leading down here. 😕 HP[+1]
You completely miss the scorpion. The scorpion stings you.
You are poisoned.
The scorpion poisons you! 😮 HP[-2]
You take 2 damage, and now have 34/47 hp.
You are too injured to fight recklessly!
Unknown command.
You hit the scorpion. You headbutt the scorpion!
You feel very sick. The scorpion stings you.
The scorpion stings you but does no damage. 😮 HP[-8]
You take 8 damage, and now have 26/47 hp.
You barely miss the scorpion.
You headbutt the scorpion, but do no damage.
You feel sick.
The scorpion stings you but does no damage. 😮 HP[-2]
You take 2 damage, and now have 24/47 hp.
You hit the scorpion.
You feel sick. The scorpion barely misses you. The scorpion stings you.
* * * LOW HITPOINT WARNING * * *
You are more poisoned.
The scorpion poisons you! 😨 HP[-7]
You take 7 damage, and now have 17/47 hp.
You hit the scorpion but do no damage.
* * * LOW HITPOINT WARNING * * *
You feel very sick. The scorpion stings you!
* * * LOW HITPOINT WARNING * * *
You block the scorpion's attack. 😱 HP[-12]
You take 12 damage, and now have 5/47 hp.
MASSIVE DAMAGE!! (PAUSE)
You slash the scorpion!
You kill the scorpion!
* * * LOW HITPOINT WARNING * * *
You feel very sick.
Your Fighting skill increases to level 5!
Your Armour skill increases to level 5!
Your Shields skill increases to level 5! 😱 HP[-3]
You now have 48 max hp (+1).
You take 3 damage, and now have 2/48 hp.
It was a potion of degeneration.
There was something very wrong with that liquid.
You feel weakened.
You feel dopey.
You feel clumsy.
You die...

Skill      XL: |  1  2  3  4  5 |
---------------+----------------+-----
Armour         | 4 5 |  5.0
Fighting       | 4 5 |  5.0
Shields        | 4 5 |  5.0
Axes           | 3 4 |  4.2

Action                   |  1- 3 |  4- 6 || total
-------------------------+-------+-------++-------
Melee: War axe           |    88 |    65 ||   153
       Headbutt          |    14 |    11 ||    25
  Use: Potion            |       |     1 ||     1
Armor: Scale mail        |    47 |    37 ||    84
Dodge: Dodged            |    47 |    33 ||    80
Block: Buckler           |    20 |    18 ||    38

Levels and vault maps discovered:
D:1:      nagdon_arrival_double_spiral, layout_rooms,
          shapermc_ecumenical_altar_starsandcircs, serial_shops, shop,
          grunt_decor_clamped, minmay_pentomino_v2
D:2:      layout_loops_corners
D:3:      layout_basic, dk_noncrumbling_4
D:4:      layout_loops_ring, uniq_blork_the_orc

Notes
Turn   | Place    | Note
-------+----------+-------------------------------------------
     0 | D:1      | AmazingTV the Minotaur Fighter began the quest for the Orb.
     0 | D:1      | Reached XP level 1. HP: 19/19 MP: 0/0
     0 | D:1      | magus.rc [v1.9.6]
    87 | D:1      | Found Maeditil's Weapon Emporium.
   167 | D:1      | Reached XP level 2. HP: 16/27 MP: 1/1
   307 | D:1      | Found a faded altar of an unknown god.
   317 | D:1      | Reached skill level 4 in Armour
   406 | D:1      | Reached skill level 4 in Fighting
   406 | D:1      | Reached skill level 4 in Shields
   450 | D:1      | Reached skill level 3 in Axes
   573 | D:1      | Reached XP level 3. HP: 33/33 MP: 2/2
  1193 | D:2      | Reached XP level 4. HP: 41/41 MP: 3/3
  1765 | D:3      | You pick up a book of Callings and begin reading...
  1765 | D:3      | You add the spells Summon Small Mammal, Call Canine
                  | Familiar and Summon Guardian Golem to your library.
  2126 | D:3      | Reached XP level 5. HP: 29/47 MP: 4/4
  2324 | D:3      | Reached skill level 4 in Axes
  2766 | D:4      | Noticed Blork the orc
  2869 | D:3      | HP: 5/47 [scorpion (8)]
  2870 | D:3      | HP: 2/47 [poisoned by a scorpion]
  2871 | D:3      | Reached skill level 5 in Fighting
  2871 | D:3      | Reached skill level 5 in Armour
  2871 | D:3      | Reached skill level 5 in Shields
  2871 | D:3      | Succumbed to a scorpion's poison

Vanquished Creatures
  A scorpion (D:3)
  An orc priest (D:3)
  An iguana (D:3)
  4 adders
  2 worms (D:2)
  2 dart slugs
  3 orcs (D:3)
  4 bats
  7 endoplasms
  3 giant cockroaches
  5 goblins
  6 hobgoblins
  4 jackals
  8 kobolds
  5 quokkas
  7 ball pythons
  6 frilled lizards
  4 rats
73 creatures vanquished.

Table legend:
 A = Non-vault XP
 B = Vault XP
 C = Vault XP percentage of total XP
 D = Non-vault monster count
 E = Vault monster count
 F = Vault count percentage of total count
                 A         B        C        D         E       F
            +---------+---------+-------+---------+---------+-------
      Total |     342 |       2 |   0.6 |      72 |       1 |   1.4
            +---------+---------+-------+---------+---------+-------
        D:1 |      42 |       2 |   4.5 |      26 |       1 |   3.7
        D:2 |      72 |       0 |   0.0 |      24 |       0 |   0.0
        D:3 |     226 |       0 |   0.0 |      21 |       0 |   0.0
        D:4 |       2 |       0 |   0.0 |       1 |       0 |   0.0
            +---------+---------+-------+---------+---------+-------

Illustrated notes

Table legend:
 A = Kills in this place as a percentage of kills in entire the game.
 B = Kills by you in this place as a percentage of kills by you in the entire game.
 C = Kills by friends in this place as a percentage of kills by friends in the entire game.
 D = Other kills in this place as a percentage of other kills in the entire game.
 E = Experience gained in this place as a percentage of experience gained in the entire game.
 F = Experience gained in this place divided by the number of levels of this place that you have seen.
                   A       B       C       D       E      F
               +-------+-------+-------+-------+-------+----------------------
         Total | 100.0 | 100.0 |   N/A |   N/A | 100.0 |  86.0
       Dungeon | 100.0 | 100.0 |   N/A |   N/A | 100.0 |  86.0
               +-------+-------+-------+-------+-------+----------------------

Table legend: (Time is in decaauts)
 A = Elapsed time spent in this place.
 B = Non-inter-level travel time spent in this place.
 C = Inter-level travel time spent in this place.
 D = Time resting spent in this place.
 E = Time spent auto-exploring this place.
 F = Levels seen in this place.
 G = Mean time per level.
                   A        B        C        D        E       F      G
               +--------+--------+--------+--------+--------+-----+--------+
         Total |   2928 |   2781 |    147 |    290 |   1932 |   4 |  732.0 |
       Dungeon |   2928 |   2781 |    147 |    290 |   1932 |   4 |  732.0 |
               +--------+--------+--------+--------+--------+-----+--------+

Top non-repeatable levels by time:
     D:2: 1020 daAuts
     D:3: 861 daAuts
     D:1: 761 daAuts
     D:4: 285 daAuts
